IL
PAWTUCKET RED SOX @ LEHIGH VALLEY IRONPIGS
04/09/2099
 
TOP OF THE 1ST
Pawtucket Red Sox batting - Pitching for Lehigh Valley IronPigs : RHP Jacob Zeller
Pitching: RHP Jacob Zeller
Batting: LHB Bob Stuhr 0-0: Called Strike
0-1: Foul Ball, location: 2F
0-2: Foul Ball, location: 2F
0-2: Foul Ball, location: 25F
0-2: Ball
1-2: Strikes out swinging
Batting: RHB Ryan Rynard 0-0: Called Strike
0-1: Fly out, F6 (Popup, 6, EV 78.1 MPH)
Batting: LHB Juan Gonsales 0-0: Swinging Strike
0-1: Ball
1-1: SINGLE (Flyball, 56D, EV 87.5 MPH)
Batting: LHB Drew Micheletti 0-0: Fly out, F9 (Flyball, 9LS, EV 75.6 MPH)
Top of the 1st over - 0 runs, 1 hit, 0 errors, 1 left on base; Pawtucket 0 - Lehigh Valley 0
BOTTOM OF THE 1ST
Lehigh Valley IronPigs batting - Pitching for Pawtucket Red Sox : RHP Adam Ecker
Pitching: RHP Adam Ecker
Batting: LHB Justin Clark 0-0: Ball
1-0: Ball
2-0: Ball
3-0: Base on Balls
Batting: RHB Mike Hadley 0-0: Swinging Strike
0-1: Ball
1-1: Called Strike
1-2: Strikes out looking
Batting: RHB Ricardo Ortiz 0-0: Swinging Strike
0-1: Swinging Strike
0-2: Ball
1-2: Foul Ball, location: 2F
1-2: Strikes out swinging
Batting: RHB John Zanin 0-0: Ball
1-0: Foul Ball, location: 2F
1-1: Swinging Strike
1-2: Ball
Wild Pitch!
Justin Clark to second
2-2: Foul Ball, location: 2F
2-2: Foul Ball, location: 23F
2-2: Ball
3-2: Strikes out swinging
Bottom of the 1st over - 0 runs, 0 hits, 0 errors, 1 left on base; Pawtucket 0 - Lehigh Valley 0
TOP OF THE 2ND
Pawtucket Red Sox batting - Pitching for Lehigh Valley IronPigs : RHP Jacob Zeller
Batting: SHB Nick Barrera 0-0: Called Strike
0-1: Ground out 1-3 (Groundball, 13S, EV 64.4 MPH)
Batting: RHB Alvaro Madera 0-0: Ball
1-0: Fly out, F8 (Flyball, 89M, EV 95.6 MPH)
Batting: RHB Nate Morrison 0-0: Called Strike
0-1: Ground out 4-3 (Groundball, 4, EV 75.6 MPH)
Top of the 2nd over - 0 runs, 0 hits, 0 errors, 0 left on base; Pawtucket 0 - Lehigh Valley 0
BOTTOM OF THE 2ND
Lehigh Valley IronPigs batting - Pitching for Pawtucket Red Sox : RHP Adam Ecker
Batting: LHB Jim Unknown 0-0: Called Strike
0-1: Foul Ball, location: 2F
0-2: Ball
1-2: Foul Ball, location: 2F
1-2: Strikes out swinging
Batting: RHB Jiao-long Xue 0-0: Ball
1-0: Ball
2-0: Called Strike
2-1: Foul Ball, location: 2F
2-2: Ball
3-2: Base on Balls
Batting: LHB Jim Unknown 0-0: DOUBLE (Line Drive, 89D, EV 106.9 MPH)
Jiao-long Xue to third
Runner from 3rd tries for Home, SAFE, no throw by CF
Batting: LHB Jim Unknown 0-0: Called Strike
0-1: Called Strike
0-2: Ball
1-2: Ball
2-2: Strikes out swinging
Batting: RHB Jim Unknown 0-0: Foul Ball, location: 2F
0-1: Fly out, F7 (Flyball, 7, EV 75.6 MPH)
Bottom of the 2nd over - 1 run, 1 hit, 0 errors, 1 left on base; Pawtucket 0 - Lehigh Valley 1
TOP OF THE 3RD
Pawtucket Red Sox batting - Pitching for Lehigh Valley IronPigs : RHP Jacob Zeller
Batting: LHB T.J. Purkey 0-0: Called Strike
0-1: Foul Ball, location: 25F
0-2: Foul Ball, location: 2F
0-2: Foul Ball, location: 9LSF
0-2: Ball
1-2: Ground out 2-3 (Groundball, 15S, EV 66.9 MPH)
Batting: RHB David Harmon 0-0: SINGLE (Groundball, 4D, EV 95.6 MPH)
Batting: LHB Bob Stuhr 0-0: Ball
1-0: Foul Ball, location: 5FF
1-1: Swinging Strike
1-2: Fly out, F8 (Flyball, 89S, EV 76.3 MPH)
Batting: RHB Ryan Rynard 0-0: Called Strike
0-1: Ball
1-1: Ball
2-1: Swinging Strike
2-2: Strikes out swinging
Top of the 3rd over - 0 runs, 1 hit, 0 errors, 1 left on base; Pawtucket 0 - Lehigh Valley 1
BOTTOM OF THE 3RD
Lehigh Valley IronPigs batting - Pitching for Pawtucket Red Sox : RHP Adam Ecker
Batting: LHB Justin Clark 0-0: Called Strike
0-1: Ball
1-1: DOUBLE (Line Drive, 89M, EV 87.5 MPH)
Batting: RHB Mike Hadley 0-0: Foul Ball, location: 2F
0-1: Ball
1-1: Called Strike
Justin Clark steals 3rd base
1-2: Ball
2-2: SINGLE (Line Drive, 78S, EV 99.4 MPH)
Justin Clark scores
Batting: RHB Ricardo Ortiz 0-0: Ball
1-0: Ball
2-0: Called Strike
2-1: Foul Ball, location: 23F
2-2: Ball
3-2: Fly out, F6 (Line Drive, 6, EV 60.6 MPH)
Batting: RHB John Zanin 0-0: Swinging Strike
0-1: Ball
1-1: Foul Ball, location: 9LDF
1-2: Strikes out swinging
Batting: LHB Jim Unknown 0-0: Ball
1-0: Called Strike
1-1: Swinging Strike
1-2: Strikes out looking
Bottom of the 3rd over - 1 run, 2 hits, 0 errors, 1 left on base; Pawtucket 0 - Lehigh Valley 2
TOP OF THE 4TH
Pawtucket Red Sox batting - Pitching for Lehigh Valley IronPigs : RHP Jacob Zeller
Batting: LHB Juan Gonsales 0-0: Ball
1-0: Called Strike
1-1: Ball
2-1: Ball
3-1: Base on Balls
Batting: LHB Drew Micheletti 0-0: Called Strike
0-1: Ball
1-1: Foul Ball, location: 3FF
1-2: Ball
2-2: Ball
3-2: Foul Ball, location: 25F
3-2: SINGLE (Line Drive, 9LS, EV 105.6 MPH)
Juan Gonsales to second
Batting: SHB Nick Barrera 0-0: Ball
1-0: Ball
2-0: Foul Ball, location: 3F
2-1: Fly out, F7 (Flyball, 78S, EV 78.1 MPH)
Batting: RHB Alvaro Madera 0-0: Foul Ball, location: 7LMF
0-1: Ball
1-1: Foul Ball, location: 2F
1-2: Ball
2-2: Fielders Choice at 2nd, 4-6 (Groundball, 4, EV 81.9 MPH)
Juan Gonsales to third
Batting: RHB Nate Morrison 0-0: 3-RUN HOME RUN (Flyball, 7LD, EV 91.9 MPH), Distance : 362 ft
Batting: LHB T.J. Purkey 0-0: Ball
1-0: Ground out 1-3 (Groundball, 34S, EV 62.5 MPH)
Top of the 4th over - 3 runs, 2 hits, 0 errors, 0 left on base; Pawtucket 3 - Lehigh Valley 2
BOTTOM OF THE 4TH
Lehigh Valley IronPigs batting - Pitching for Pawtucket Red Sox : RHP Adam Ecker
Batting: RHB Jiao-long Xue 0-0: Ball
1-0: Ball
2-0: Ball
3-0: Called Strike
3-1: Foul Ball, location: 2F
3-2: SINGLE (Groundball, 34, EV 78.8 MPH) (infield hit)
Batting: LHB Jim Unknown 0-0: Swinging Strike
0-1: Foul Ball, location: 9LMFF
0-2: Strikes out swinging
Batting: LHB Jim Unknown 0-0: Foul Ball, location: 3F
0-1: Foul Ball, location: 2F
0-2: Ball
1-2: Foul Ball, location: 7LMF
1-2: Foul Ball, location: 2F
1-2: Strikes out swinging
Batting: RHB Jim Unknown 0-0: Called Strike
Jiao-long Xue is caught stealing 2nd base 2-4
Bottom of the 4th over - 0 runs, 1 hit, 0 errors, 0 left on base; Pawtucket 3 - Lehigh Valley 2
TOP OF THE 5TH
Pawtucket Red Sox batting - Pitching for Lehigh Valley IronPigs : RHP Jacob Zeller
Batting: RHB David Harmon 0-0: Called Strike
0-1: Foul Ball, location: 7LSF
0-2: Ball
1-2: Strikes out swinging
Batting: LHB Bob Stuhr 0-0: Ball
1-0: Ball
2-0: Foul Ball, location: 2F
2-1: Called Strike
2-2: Ball
3-2: SINGLE (Line Drive, 89M, EV 87.5 MPH)
Batting: RHB Ryan Rynard 0-0: 2-RUN HOME RUN (Flyball, 9LD, EV 95.6 MPH), Distance : 351 ft
Pitching: LHP Roberto Arevalo
Batting: LHB Juan Gonsales 0-0: Foul Ball, location: 2F
0-1: SINGLE (Line Drive, 56D, EV 95.0 MPH)
Batting: LHB Drew Micheletti 0-0: Called Strike
0-1: Foul Ball, location: 5F
0-2: Ball
Passed Ball!
Juan Gonsales to second
1-2: Ball
2-2: Strikes out swinging
Batting: SHB Nick Barrera 0-0: Ball
1-0: Ball
Wild Pitch!
Juan Gonsales to third
2-0: Foul Ball, location: 25F
2-1: Foul Ball, location: 5F
2-2: Strikes out looking
Top of the 5th over - 2 runs, 3 hits, 0 errors, 1 left on base; Pawtucket 5 - Lehigh Valley 2
BOTTOM OF THE 5TH
Lehigh Valley IronPigs batting - Pitching for Pawtucket Red Sox : RHP Adam Ecker
Batting: RHB Jim Unknown 0-0: Ball
1-0: Swinging Strike
1-1: Ball
2-1: Ball
3-1: Called Strike
3-2: Base on Balls
Batting: LHB Justin Clark 0-0: Foul Ball, location: 2F
0-1: Fielders Choice at 2nd, 6-4 (Groundball, 6, EV 86.3 MPH)
Batting: RHB Mike Hadley 0-0: Ball
Justin Clark is caught stealing 2nd base 2-4
1-0: Foul Ball, location: 9LMF
1-1: Foul Ball, location: 2F
1-2: Ground out 6-3 (Groundball, 56, EV 84.4 MPH)
Bottom of the 5th over - 0 runs, 0 hits, 0 errors, 0 left on base; Pawtucket 5 - Lehigh Valley 2
TOP OF THE 6TH
Pawtucket Red Sox batting - Pitching for Lehigh Valley IronPigs : LHP Roberto Arevalo
Batting: RHB Alvaro Madera 0-0: Called Strike
0-1: Ball
1-1: Ball
2-1: Foul Ball, location: 7LMF
2-2: Ball
3-2: DOUBLE (Flyball, 8LXD, EV 93.8 MPH)
Batting: RHB Nate Morrison 0-0: Intentional Walk
Batting: LHB T.J. Purkey 0-0: Ball
1-0: Ball
2-0: Bunted foul
2-1: Bunted foul
2-2: Foul Ball, location: 2F
2-2: Fly out, F5 (Popup, 56S, EV 41.3 MPH)
Batting: RHB David Harmon 0-0: Ball
Balk!
Alvaro Madera to third
Nate Morrison to second
1-0: Ball
2-0: Swinging Strike
2-1: Foul Ball, location: 9LDF
2-2: Ball
3-2: Foul Ball, location: 9LSF
3-2: Foul Ball, location: 2F
3-2: Foul Ball, location: 5F
3-2: Base on Balls
Batting: LHB Bob Stuhr 0-0: Ball
1-0: Foul Ball, location: 25F
1-1: Grounds into fielders choice 4-2 (Groundball, 4, EV 101.3 MPH)
Nate Morrison to third
David Harmon to second
Batting: RHB Ryan Rynard 0-0: Called Strike
0-1: Swinging Strike
0-2: Ball
1-2: Strikes out swinging
Top of the 6th over - 0 runs, 1 hit, 0 errors, 3 left on base; Pawtucket 5 - Lehigh Valley 2
BOTTOM OF THE 6TH
Lehigh Valley IronPigs batting - Pitching for Pawtucket Red Sox : RHP Adam Ecker
Batting: RHB Ricardo Ortiz 0-0: Swinging Strike
0-1: Called Strike
0-2: Ground out 2-3 (Groundball, 15S, EV 73.1 MPH)
Batting: RHB John Zanin 0-0: Ball
1-0: Foul Ball, location: 2F
1-1: Ball
2-1: Called Strike
2-2: Fly out, F7 (Line Drive, 7LS, EV 92.5 MPH)
Batting: LHB Jim Unknown 0-0: Ball
1-0: Ball
2-0: Ball
3-0: Base on Balls
Batting: RHB Jiao-long Xue 0-0: Swinging Strike
0-1: Ball
Jim Unknown steals 2nd base
1-1: Ball
2-1: Ball
3-1: Base on Balls
Pitching: LHP Alex Agramonte
Batting: LHB Jim Unknown 0-0: Ball
1-0: Fly out, F8 (Flyball, 89D, EV 109.4 MPH)
Bottom of the 6th over - 0 runs, 0 hits, 0 errors, 2 left on base; Pawtucket 5 - Lehigh Valley 2
TOP OF THE 7TH
Pawtucket Red Sox batting - Pitching for Lehigh Valley IronPigs : LHP Roberto Arevalo
Batting: LHB Juan Gonsales 0-0: Ball
1-0: Ball
2-0: Ground out 6-3 (Groundball, 6, EV 86.9 MPH)
Batting: LHB Drew Micheletti 0-0: Foul Ball, location: 3F
0-1: Swinging Strike
0-2: Strikes out swinging
Batting: SHB Nick Barrera 0-0: Ball
1-0: Ball
2-0: Ground out 6-3 (Groundball, 6, EV 86.3 MPH)
Top of the 7th over - 0 runs, 0 hits, 0 errors, 0 left on base; Pawtucket 5 - Lehigh Valley 2
BOTTOM OF THE 7TH
Lehigh Valley IronPigs batting - Pitching for Pawtucket Red Sox : LHP Alex Agramonte
Batting: LHB Jim Unknown 0-0: Fly out, F9 (Line Drive, 9, EV 95.6 MPH)
Batting: RHB Jim Unknown 0-0: Called Strike
0-1: Called Strike
0-2: Ball
1-2: Strikes out swinging
Batting: LHB Justin Clark 0-0: Called Strike
0-1: Foul Ball, location: 5DF
0-2: Strikes out swinging
Bottom of the 7th over - 0 runs, 0 hits, 0 errors, 0 left on base; Pawtucket 5 - Lehigh Valley 2
TOP OF THE 8TH
Pawtucket Red Sox batting - Pitching for Lehigh Valley IronPigs : LHP Roberto Arevalo
Batting: RHB Alvaro Madera 0-0: Ball
1-0: Fly out, F9 (Flyball, 9S, EV 90.0 MPH)
Batting: RHB Nate Morrison 0-0: SINGLE (Groundball, 4MD, EV 108.1 MPH)
Batting: LHB T.J. Purkey 0-0: Ball
1-0: Foul Ball, location: 5F
1-1: Grounds out, U3 (Groundball, 3L, EV 88.1 MPH)
Pitching: RHP Chris Sexton
Batting: RHB David Harmon 0-0: Foul Ball, location: 25F
0-1: Swinging Strike
0-2: Ball
1-2: Strikes out looking
Top of the 8th over - 0 runs, 1 hit, 0 errors, 1 left on base; Pawtucket 5 - Lehigh Valley 2
BOTTOM OF THE 8TH
Lehigh Valley IronPigs batting - Pitching for Pawtucket Red Sox : LHP Alex Agramonte
Batting: RHB Mike Hadley 0-0: Ground out 4-3 (Groundball, 4, EV 84.4 MPH)
Batting: RHB Ricardo Ortiz 0-0: Ball
1-0: Foul Ball, location: 5SF
1-1: Ball
2-1: Called Strike
2-2: Ball
3-2: Fly out, F2 (Popup, 3SF, EV 73.8 MPH)
Batting: RHB John Zanin 0-0: Called Strike
0-1: Ball
1-1: Foul Ball, location: 2F
1-2: Strikes out swinging
Bottom of the 8th over - 0 runs, 0 hits, 0 errors, 0 left on base; Pawtucket 5 - Lehigh Valley 2
TOP OF THE 9TH
Pawtucket Red Sox batting - Pitching for Lehigh Valley IronPigs : RHP Chris Sexton
Batting: LHB Bob Stuhr 0-0: Ground out 5-3 (Groundball, 56, EV 91.9 MPH)
Batting: RHB Ryan Rynard 0-0: Called Strike
0-1: Ball
1-1: Ball
2-1: Foul Ball, location: 5F
2-2: Strikes out swinging
Batting: LHB Juan Gonsales 0-0: Ball
1-0: Foul Ball, location: 3FF
1-1: Swinging Strike
1-2: Ball
2-2: Ball
3-2: Foul Ball, location: 5F
3-2: Strikes out looking
Top of the 9th over - 0 runs, 0 hits, 0 errors, 0 left on base; Pawtucket 5 - Lehigh Valley 2
BOTTOM OF THE 9TH
Lehigh Valley IronPigs batting - Pitching for Pawtucket Red Sox : LHP Alex Agramonte
Pinch Hitting: RHB Aaron Marler 0-0: Ball
1-0: Fly out, F8 (Flyball, 8RM, EV 88.8 MPH)
Batting: RHB Jiao-long Xue 0-0: Ball
1-0: Called Strike
1-1: Fly out, F4 (Popup, 4, EV 57.5 MPH)
Batting: LHB Jim Unknown 0-0: Swinging Strike
0-1: Swinging Strike
0-2: Ball
1-2: Strikes out looking
Bottom of the 9th over - 0 runs, 0 hits, 0 errors, 0 left on base; Pawtucket 5 - Lehigh Valley 2
Friday, May 3rd , 2024 - OOTP Baseball 24.11 Build 85